 Dungeon Crawl Stone Soup version 0.26.1-11-gd32895ea62 (webtiles) character file.

Game seed: 2504539235714855314

1018 jifgo the Magician (level 8, -1/45 HPs)
             Began as a Deep Elf Fire Elementalist on May 10, 2021.
             Was an Initiate of Vehumet.
             Slain by a wolf (4 damage)
             ... on level 5 of the Dungeon.
             The game lasted 00:12:31 (7565 turns).

jifgo the Magician (Deep Elf Fire Elementalist)     Turns: 7565, Time: 00:12:31

Health: -1/45      AC:  7    Str:  5    XL:     8   Next: 2%
Magic:  16/18      EV: 15    Int: 20    God:    Vehumet [......]
Gold:   369        SH:  0    Dex: 15    Spells: 14/18 levels left

rFire    + . .     SeeInvis .   c - +0 dagger
rCold    x . .     Faith    .   (no shield)
rNeg     . . .     Spirit   .   a - +0 robe
rPois    +         Reflect  .   j - +0 helmet
rElec    +         Harm     .   (no cloak)
rCorr    .         Rampage  .   o - +0 pair of gloves
Will     .....                  x - +2 pair of boots "Riymenaf" {+Fly rElec rPois Int-3}
Stlth    +++.......             (no amulet)
HPRegen  0.15/turn              e - ring of fire
MPRegen  0.16/turn              (no ring)

@: no status effects
A: no striking features
a: Renounce Religion, Evoke Flight


You were on level 5 of the Dungeon.
You worshipped Vehumet.
Vehumet was noncommittal.
You visited 2 branches of the dungeon, and saw 7 of its levels.

You collected 369 gold pieces.

Inventory:

Hand Weapons
 c - a +0 dagger (weapon)
Missiles
 l - 4 atropa-tipped darts (quivered)
 C - 5 javelins
Armour
 a - a +0 robe (worn)
 j - a +0 helmet (worn)
 o - a +0 pair of gloves (worn)
 x - the +2 pair of boots "Riymenaf" (worn) {+Fly rElec rPois Int-3}
   (You found it on level 4 of the Dungeon)

   It affects your intelligence (-3).
   It insulates you from electricity.
   It protects you from poison.
   It lets you fly.
Magical Staves
 u - an uncursed staff of poison
Jewellery
 e - a ring of fire (left hand)
 n - an uncursed amulet of guardian spirit
Wands
 y - a wand of acid (6)
 A - a wand of iceblast (11)
Scrolls
 b - 2 scrolls of immolation
 d - 2 scrolls of fear
 g - 5 scrolls of identify
 k - 2 scrolls of teleportation {unknown}
 s - 2 scrolls of noise
 v - a scroll of enchant weapon {unknown}
 w - a scroll of blinking {unknown}
Potions
 f - a potion of lignification {unknown}
 i - 2 potions of might {unknown}
 m - 2 potions of brilliance {unknown}
 p - a potion of mutation {unknown}
 r - 2 potions of heal wounds {unknown}
 t - 4 potions of curing {unknown}
 z - 2 potions of ambrosia {unknown}
 B - a potion of attraction {unknown}


   Skills:
 + Level 2.9 Fighting
 + Level 5.1 Dodging
 + Level 5.5 Stealth
 + Level 5.6 Spellcasting
 + Level 4.1 Conjurations
 + Level 5.2 Fire Magic


You had 14 spell levels left.
You knew the following spells:

 Your Spells              Type           Power        Failure   Level
a - Conjure Flame         Conj/Fire      36%          4%          3
x - Foxfire               Conj/Fire      100%         1%          1

Your spell library contained the following spells:

 Spells                   Type           Power        Failure   Level
 Inner Flame              Hex/Fire       24%          11%         3
 Sticky Flame             Conj/Fire      36%          16%         4
 Fireball                 Conj/Fire      18%          41%         5


Dungeon Overview and Level Annotations

Branches:
Dungeon (6/15)             Temple (1/1) D:5

Altars:
Ashenzari
Cheibriados
Dithmenos
Elyvilon
Fedhas
Gozag
Hepliaklqana
Kikubaaqudgha
Makhleb
Nemelex Xobeh
Okawaru
Qazlal
Ru
Sif Muna
Trog
Uskayaw
Vehumet
Wu Jian
Xom
Yredelemnul
Zin
The Shining One

Annotations:
D:3 1 runed translucent door, roflc0ptic's ghost, amateur OpTm
D:4 2 runed translucent doors, Diggabert's ghost, amateur FoAK
D:5 1 runed translucent door, Crazy Yiuf


Message History

The wolf bites you but does no damage.
Casting: Foxfire (safe; 1% risk of failure)
Confirm with . or Enter, or press ? or * to list all spells.
You feel a surge of power!
You conjure some foxfire!
The wolf closely misses you.
The foxfire hits the wolf.
The wolf is lightly wounded.
The foxfire hits the wolf but does no damage.
The wolf is lightly wounded.
The wolf barely misses you. The wolf bites you.
Casting: Foxfire (safe; 1% risk of failure)
Confirm with . or Enter, or press ? or * to list all spells.
You feel a surge of power!
You conjure some foxfire!
The wolf bites you! x2
* * * LOW HITPOINT WARNING * * *
The foxfire hits the wolf.
The wolf is moderately wounded.
The foxfire hits the wolf.
The wolf is heavily wounded.
The wolf bites you.
You die...

##.######.## #...# #..... ...#
#.# #.>.# ####.# #### #.# #...#
#.# ##### ###.##### #...# ##.#
....# #.......# #...# #... ....#
#<#.).#.######...#######...
....###...†......................
.........##.#....§...............
....####.##>#..h@...............#
..<.# #.#..#.######...#####....#
##### #.#.##.# #...# #.....
#....[.# #<..# #..##. ###.####
##...## #..##. ###### #.#
##.###.####.[... ..##.#####.#
#.## ##.......#.
#.#...h§§..#######.# #..####...
#.##.####.##.......## ##..####...


You could see a wolf.

Vanquished Creatures
  3 phantoms
  2 ogres
  A scorpion (D:5)
  2 howler monkeys
  An orc priest (D:4)
  A hound (D:4)
  3 orc wizards
  3 worker ants (D:5)
  A hound skeleton (D:4)
  6 gnolls
  5 adders
  A shadow imp (D:5)
  A white imp (D:5)
  An ooze (D:1)
  2 adder skeletons (D:4)
  An adder zombie (D:5)
  2 worms
  A dart slug (D:3)
  6 leopard geckos
  9 orcs
  2 ball pythons
  2 giant cockroaches
  12 goblins
  5 hobgoblins
  4 jackals
  2 quokkas
  5 bats
  2 frilled lizards
  9 kobolds
  7 rats
102 creatures vanquished.

Vanquished Creatures (others)
  340 foxfires
340 creatures vanquished.

Grand Total: 442 creatures vanquished

Notes
Turn   | Place    | Note
-------+----------+-------------------------------------------
     0 | D:1      | jifgo the Deep Elf Fire Elementalist began the quest for
                  | the Orb.
     0 | D:1      | Reached XP level 1. HP: 10/10 MP: 6/6
   140 | D:1      | Reached XP level 2. HP: 16/16 MP: 6/8
  1232 | D:1      | Reached XP level 3. HP: 20/20 MP: 9/9
  1236 | D:1      | Learned a level 3 spell: Conjure Flame
  1972 | D:2      | You fall into a shaft and drop 1 floor!
  2073 | D:3      | Reached skill level 1 in Fighting
  2663 | D:3      | Found a runed translucent door.
  2664 | D:3      | Noticed roflc0ptic's ghost (amateur OpTm)
  2828 | D:2      | Reached XP level 4. HP: 22/25 MP: 6/11
  2828 | D:2      | Found a hide-covered altar of Uskayaw.
  3657 | D:3      | Reached XP level 5. HP: 26/29 MP: 9/12
  3867 | D:4      | Noticed an ogre
  3899 | D:4      | Killed an ogre
  3900 | D:4      | Reached XP level 6. HP: 15/35 MP: 2/14
  4379 | D:4      | Found a large runed translucent door.
  4379 | D:4      | Found a large runed translucent door.
  4382 | D:4      | Noticed Diggabert's ghost (amateur FoAK)
  4875 | D:4      | Got a pair of spiked boots
  4881 | D:4      | Identified the +2 pair of boots "Riymenaf" {+Fly rElec
                  | rPois Int-3} (You found it on level 4 of the Dungeon)
  4907 | D:5      | Entered Level 5 of the Dungeon
  4918 | D:5      | Reached XP level 7. HP: 33/40 MP: 11/16
  4975 | D:5      | Found a staircase to the Ecumenical Temple.
  5205 | D:5      | Reached skill level 5 in Spellcasting
  5321 | Temple   | Entered the Ecumenical Temple
  5622 | Temple   | Became a worshipper of Vehumet
  5676 | D:5      | Reached skill level 5 in Stealth
  5745 | D:5      | Found a runed translucent door.
  5746 | D:5      | Noticed Crazy Yiuf
  6230 | D:5      | Reached skill level 5 in Fire Magic
  6343 | D:5      | Reached skill level 5 in Dodging
  7344 | D:4      | Reached XP level 8. HP: 21/45 MP: 14/18
  7565 | D:5      | Slain by a wolf

Illustrated notes

Levels and vault maps discovered:
D:1:      minmay_arrival_five_plusses, layout_basic,
          chequers_serial_rivers_micro_d
D:2:      layout_basic, eat_drink_and_be_merry_uskayaw
D:3:      layout_loops_ring, ebering_ghost_reflecting_pool
D:4:      layout_loops_cross, ebering_ghost_disaster_area
D:5:      layout_loops_cross, minmay_temple_entry_grid, uniq_crazy_yiuf_cottage
D:6:      layout_cave_pools, serial_gnoll_camp, gnoll_camp_huts_moat,
          grums_kennel, gnoll_camp_mini_hut, gnoll_camp_mini_shop,
          gnoll_camp_mini_shop, gnoll_camp_mini_shop, kennysheep_generic_room_8
Temple:   roderic_octagonal_lattice_temple

Skill      XL: |  1  2  3  4  5  6  7 |
---------------+----------------------+-----
Stealth        | 3 4 5 |  5.5
Fighting       | 1 2 |  2.9
Dodging        | 3 4 5 |  5.1
Conjurations   | 2 3 4 |  4.1
Spellcasting   | 4 5 |  5.6
Fire Magic     | 4 5 |  5.2

Action                   |  1- 3 |  4- 6 |  7- 9 || total
-------------------------+-------+-------+-------++-------
Melee: Dagger            |    24 |     7 |     3 ||    34
Throw: Dart              |     1 |     3 |       ||     4
 Cast: Foxfire           |    75 |    66 |    65 ||   206
       Conjure Flame     |     1 |     2 |       ||     3
Evoke: Wand              |       |       |     1 ||     1
  Use: Scroll            |       |     1 |     4 ||     5
 Stab: Sleeping          |     5 |       |     2 ||     7
Armor: Robe              |    10 |    10 |    16 ||    36
Dodge: Dodged            |    40 |    23 |    56 ||   119
